 Dungeon Crawl Stone Soup version 0.26-a0-682-g294304f6e8 (webtiles) character file.

Game seed: 12818256833798961679

5101 robertstho the Frost Mage (level 10, -1/53 HPs)
             Began as a Gargoyle Ice Elementalist on Oct 20, 2020.
             Slain by a yak (8 damage)
             ... on level 10 of the Dungeon on Oct 21, 2020.
             The game lasted 00:24:38 (11114 turns).

robertstho the Frost Mage (GrIE)                   Turns: 11114, Time: 00:24:38

Health: -1/53      AC: 13    Str: 21    XL:     10   Next: 57%
Magic:  11/22      EV: 12    Int: 19    God:
Gold:   316        SH:  5    Dex: 10    Spells: 11/26 levels left

rFire    . . .     SeeInvis .   J - +4 mace of Disorder {vorpal, +Rage Str+3}
rCold    . . .     Faith    .   l - +2 buckler
rNeg     + . .     Spirit   .   a - +0 robe
rPois    ∞         Reflect  .   o - +0 helmet
rElec    +         Harm     .   K - +0 cloak
rCorr    .         Rampage  .   E - +0 pair of gloves
MR       .....                  N - +0 pair of boots
Stlth    +++.......             (no amulet)
HPRegen  0.17/turn              y - +6 ring of strength
MPRegen  0.18/turn              (no ring)

@: frozen ramparts
A: negative energy resistance 1, electricity resistance, unbreathing,
petrification resistance, rot immunity, AC +7
a: Evoke Berserk Rage


You were on level 10 of the Dungeon.
You visited 1 branch of the dungeon, and saw 10 of its levels.
You also visited: Bailey.

You collected 650 gold pieces.
You spent 334 gold pieces at shops.

Inventory:

Hand Weapons
 q - a +1 dagger of venom
 s - a +1 vorpal flail
 A - a +2 halberd of electrocution
 J - the +4 mace of Disorder (weapon) {vorpal, +Rage Str+3}
   (You found it on level 7 of the Dungeon)

   It inflicts extra damage upon your enemies.
   It affects your strength (+3).
   It lets you go berserk.
 Q - the cursed +1 dagger "Daohu" {distort, *Rage +Fly rPois rF-, unknown}
   (You found it on level 9 of the Dungeon)

   It warps and distorts space around it.
   Unwielding it can cause banishment or high damage.
   It makes you vulnerable to fire.
   It protects you from poison.
   It lets you fly.
   It may make you go berserk in combat.
   It has a curse placed upon it.
Missiles
 b - 343 stones (quivered)
 H - 30 poisoned darts
Armour
 a - a +0 robe (worn)
 l - a +2 buckler (worn)
 o - a +0 helmet (worn)
 v - a cursed +0 leather armour
 E - a +0 pair of gloves (worn)
 K - a +0 cloak (worn)
 N - a +0 pair of boots (worn)
Magical Staves
 h - an uncursed staff of cold
 x - an uncursed staff of earth
Jewellery
 y - a +6 ring of strength (left hand)
Wands
 k - a wand of paralysis (15)
 p - a wand of random effects (56)
 L - a wand of iceblast (7)
 M - a wand of disintegration (19)
Scrolls
 c - a scroll of vulnerability {unknown}
 g - 6 scrolls of remove curse
 j - a scroll of fog
 m - a scroll of magic mapping
 n - 3 scrolls of teleportation
 r - 2 scrolls of amnesia
 u - a scroll of immolation
 w - a scroll of enchant weapon
 C - 3 scrolls of enchant armour {unknown}
 G - a scroll of blinking
 I - a scroll of holy word
 P - a scroll of identify
Potions
 d - 3 potions of haste
 e - 12 potions of curing
 f - 2 potions of stabbing
 i - 10 potions of heal wounds
 t - 2 potions of flight
 z - 3 potions of might
 B - 3 potions of mutation
 D - 2 potions of ambrosia
 F - 2 potions of brilliance
 O - a potion of lignification


   Skills:
 + Level 2.2 Fighting
 + Level 0.3 Short Blades
 + Level 4.2(4.3) Maces & Flails
 + Level 1.1(1.4) Polearms
 + Level 1.3(3.1) Staves
 + Level 2.6 Dodging
 + Level 4.7 Stealth
 + Level 0.1 Shields
 + Level 1.0 Unarmed Combat
 * Level 8.6 Spellcasting
 + Level 0.7 Summonings
 * Level 10.5 Ice Magic
 + Level 1.1 Evocations


You had 11 spell levels left.
You knew the following spells:

 Your Spells              Type           Power        Failure   Level
a - Freeze                Ice            ####         1%          1
b - Frozen Ramparts       Ice            #####.       1%          3
c - Ozocubu's Armour      Ice            #####...     1%          3
d - Hailstorm             Conj/Ice       ####....     16%         4
e - Summon Ice Beast      Ice/Summ       ####....     14%         4

Your spell library contained the following spells:

 Spells                   Type           Power        Failure   Level
 Animate Skeleton         Necr           #.....       14%         1
 Foxfire                  Conj/Fire      #...         14%         1
 Pain                     Necr           #...         14%         1
 Conjure Flame            Conj/Fire      #.......     38%         3
 Inner Flame              Hex/Fire       #.......     38%         3
 Vampiric Draining        Necr           #.........   38%         3
 Animate Dead             Necr           #.........   80%         4
 Sticky Flame             Conj/Fire      #.......     80%         4
 Agony                    Necr           #.......     98%         5
 Fireball                 Conj/Fire      #.........   98%         5


Dungeon Overview and Level Annotations

Branches:
Dungeon (10/15)            Temple (0/1) D:7          Bailey (visited)
   Lair: D:8-11         Orc: D:9-12

Altars:
Ashenzari
Dithmenos
Elyvilon
Gozag
Kikubaaqudgha
Nemelex Xobeh
Okawaru
Qazlal
Ru
Uskayaw
Vehumet
Xom
The Shining One

Shops:
D:4 *   D:5 *


Innate Abilities, Weirdness & Mutations

You are resistant to torment.
Your stone body is resilient. (AC +7)
You are immune to poison.
You resist negative energy. (rN+)
You are resistant to electric shocks. (rElec)
You can survive without breathing.
You are immune to petrification.
You are immune to rotting.


Message History

You freeze the yak!
You kill the yak!
Your Maces & Flails skill increases to level 4!
The yak gores you.
* * * LOW HITPOINT WARNING * * *
Your ice beast barely misses the yak.
Casting: Freeze (safe; 1% risk of failure)
Confirm with . or Enter, or press ? or * to list all spells.
The spell is quite dangerous to cast (16% risk of failure)!
Continue anyway?
A cannonade of hail descends around you!
The hail pelts the yak.
The yak is almost dead.
Your ice beast is unaffected.
The yak gores you.
* * * LOW HITPOINT WARNING * * *
Your ice beast hits the yak.
The yak dies!
You hit the yak but do no damage.
The yak is almost dead.
The yak gores you!
You die...

#.....(........≈
#.......<.....≈≈
##...†.......)≈§
#####....†........≈§
.........###.....≈≈≈
........## ##...≈≈≈§
####...Y# ....≈≈≈
##)Y†# ...≈≈≈≈ #.@.#
...≈≈≈§ #.....#
....≈≈§ ?..>....##
..≈≈ .......##
#######


You could see a yak and a friendly ice beast (summoned).

Vanquished Creatures
  An orc knight (Bailey)
  Grinder (D:5)
  3 yaks (D:10)
  Menkaure (D:5)
  An ice beast (D:9)
  2 orc warriors
  3 sky beasts
  5 ogres
  5 centaurs
  Blork the orc (D:5)
  A big kobold (D:9)
  2 bullfrogs
  2 scorpions
  4 wights (D:9)
  2 howler monkeys (D:8)
  2 centaur zombies
  10 orc priests
  5 hounds
  Crazy Yiuf (D:7)
  Ijyb (D:3)
  Jessica (D:2)
  4 iguanas
  12 orc wizards
  6 worker ants
  Robin (D:3)
  A howler monkey zombie (D:9)
  18 gnolls
  11 adders
  2 shadow imps
  A white imp (D:6)
  An ufetubus (D:7)
  2 oozes
  2 adder zombies
  2 adder skeletons (D:4)
  4 worms
  8 leopard geckos
  36 orcs
  7 bats
  A bat zombie (D:2)
  4 giant cockroaches
  12 goblins
  18 hobgoblins
  17 jackals
  20 kobolds
  6 quokkas
  A ball python (D:1)
  4 frilled lizards
  A jackal skeleton (D:8)
  A leopard gecko skeleton (D:5)
  A quokka skeleton (D:5)
  8 rats
  3 rat zombies (D:2)
269 creatures vanquished.

Vanquished Creatures (collateral kills)
  A yak (D:10)
  An ice beast (D:8)
  A bullfrog (D:9)
  3 wights (D:9)
  An orc wizard (D:10)
  A kobold (Bailey)
8 creatures vanquished.

Vanquished Creatures (others)
  A fungus (D:7)
1 creature vanquished.

Grand Total: 278 creatures vanquished

Notes
Turn   | Place    | Note
-------+----------+-------------------------------------------
     0 | D:1      | robertstho the Gargoyle Ice Elementalist began the quest
                  | for the Orb.
     0 | D:1      | Reached XP level 1. HP: 10/10 MP: 3/3
   150 | D:1      | Reached XP level 2. HP: 6/15 MP: 0/5
   495 | D:1      | Reached XP level 3. HP: 19/19 MP: 3/6
  1244 | D:2      | Noticed Jessica
  1251 | D:2      | Killed Jessica
  1251 | D:2      | Reached skill level 5 in Ice Magic
  1251 | D:2      | Reached XP level 4. HP: 18/24 MP: 1/7
  1291 | D:1      | Learned a level 3 spell: Frozen Ramparts
  1295 | D:1      | Learned a level 3 spell: Ozocubu's Armour
  1481 | D:2      | Noticed a sky beast
  1491 | D:2      | Killed a sky beast
  1491 | D:2      | Reached skill level 1 in Unarmed Combat
  1491 | D:2      | Reached XP level 5. HP: 28/28 MP: 0/9
  2645 | D:2      | Found an ancient bone altar of Kikubaaqudgha.
  2865 | D:3      | Noticed Robin
  2873 | D:3      | Killed Robin
  2873 | D:3      | Reached XP level 6. HP: 27/32 MP: 1/11
  2970 | D:3      | Noticed Ijyb
  2980 | D:3      | Killed Ijyb
  3338 | D:3      | Found a shimmering altar of Xom.
  3559 | D:4      | Found Igeucorph's General Store.
  3571 | D:4      | Reached skill level 6 in Ice Magic
  3573 | D:4      | Bought a scroll of amnesia for 49 gold pieces
  3573 | D:4      | Bought 2 scrolls of identify for 56 gold pieces
  3573 | D:4      | Bought a scroll of remove curse for 42 gold pieces
  3573 | D:4      | Bought a scroll of identify for 28 gold pieces
  3869 | D:4      | Found a broken altar of Ashenzari.
  4082 | D:4      | Reached XP level 7. HP: 31/36 MP: 5/13
  4942 | D:5      | Entered Level 5 of the Dungeon
  4972 | D:5      | Noticed Menkaure
  4981 | D:5      | Learned a level 4 spell: Hailstorm
  4988 | D:5      | Killed Menkaure
  5414 | D:5      | Found Vakk's Assorted Antiques.
  5417 | D:5      | Bought a scroll of identify for 54 gold pieces
  5457 | D:5      | Found a sacrificial altar of Ru.
  5705 | D:5      | Noticed Grinder
  5720 | D:5      | Killed Grinder
  5720 | D:5      | Reached skill level 1 in Fighting
  5720 | D:5      | Reached skill level 1 in Maces & Flails
  5720 | D:5      | Reached skill level 5 in Spellcasting
  5720 | D:5      | Reached skill level 7 in Ice Magic
  5720 | D:5      | Reached XP level 8. HP: 40/43 MP: 12/15
  5743 | D:5      | Found a white marble altar of Elyvilon.
  5743 | D:5      | Found a glowing golden altar of the Shining One.
  5780 | D:5      | Noticed Blork the orc
  5811 | D:5      | Killed Blork the orc
  6356 | D:4      | Bought a scroll of enchant weapon for 105 gold pieces
  6528 | D:6      | Found a hide-covered altar of Uskayaw.
  6921 | D:6      | Learned a level 4 spell: Summon Ice Beast
  7457 | D:7      | Found a flagged portal.
  7482 | Bailey   | Entered a bailey
  7702 | Bailey   | Reached skill level 8 in Ice Magic
  7721 | Bailey   | Noticed an orc knight
  7748 | Bailey   | Reached XP level 9. HP: 43/48 MP: 15/18
  7789 | Bailey   | Killed an orc knight
  8178 | D:7      | Found a sparkling altar of Nemelex Xobeh.
  8252 | D:7      | Found a shadowy altar of Dithmenos.
  8455 | D:7      | Found an opulent altar of Gozag.
  8676 | D:7      | Found a staircase to the Ecumenical Temple.
  9122 | D:7      | Found a runed translucent door.
  9131 | D:7      | Got an ancient mace
  9131 | D:7      | Identified the +4 mace of Disorder {vorpal, +Rage Str+3}
                  | (You found it on level 7 of the Dungeon)
  9137 | D:7      | Noticed Crazy Yiuf
  9150 | D:7      | Killed Crazy Yiuf
  9191 | D:8      | Reached skill level 9 in Ice Magic
  9359 | D:8      | Reached skill level 1 in Polearms
  9742 | D:8      | Reached XP level 10. HP: 53/53 MP: 18/22
 10279 | D:9      | Identified a scroll of acquirement
 10280 | D:9      | Acquired an uncursed staff of cold
 10601 | D:9      | Got a jewelled dagger
 10616 | D:9      | Reached skill level 10 in Ice Magic
 10847 | D:9      | Found a radiant altar of Vehumet.
 10847 | D:9      | Found an iron altar of Okawaru.
 10920 | D:9      | Reached skill level 1 in Evocations
 10921 | D:9      | Found a stormy altar of Qazlal.
 11024 | D:10     | Entered Level 10 of the Dungeon
 11099 | D:10     | Reached skill level 1 in Staves
 11114 | D:10     | Slain by a yak

Illustrated notes

Levels and vault maps discovered:
D:1:      dpeg_arrival_ternary, layout_basic
D:2:      layout_loops_ring, lemuel_zombie_altar_kikubaaqudgha,
          kennysheep_generic_room_9, uniq_jessica
D:3:      layout_loops_ring, lemuel_round_altar, uniq_ijyb, uniq_robin
D:4:      layout_loops_ring, cheibrodos_ashenzari_chains, serial_shops,
          nicolae_shop_stone, minmay_misc_feat_encased
D:5:      layout_gridville, gammafunk_temple_overflow_wave, serial_shops, shop,
          lemuel_tele_altar, uniq_blork_the_orc, uniq_menkaure, uniq_grinder
D:6:      layout_basic, nicolae_overflow_crystal_walls
D:7:      layout_loops_ring, nicolae_dithmenos_the_darkroom, marbit_many_paths,
          lemuel_doored_altar, minmay_temple_entry_trees, enter_bailey_3,
          uniq_crazy_yiuf_cottage
D:8:      layout_basic
D:9:      layout_cave_pools, nicolae_qazlal_general_emergency,
          gammafunk_temple_overflow_statue
D:10:     layout_layer_cave, minmay_lindwurm_lava

Skill      XL: |  1  2  3  4  5  6  7  8  9 10 |
---------------+-------------------------------+-----
Ice Magic      | 5 6 7 8 9 10 | 10.5
Unarmed Combat | 1 |  1.0
Spellcasting   | 3 4 5 6 8 |  8.6
Dodging        | 2 |  2.6
Fighting       | 1 2 |  2.2
Maces & Flails | 1 2 3 4 |  4.2
Stealth        | 3 4 |  4.7
Polearms       | 1 |  1.1
Evocations     | 1 |  1.1
Staves         | 1 |  1.3
Short Blades   | |  0.3
Shields        | |  0.1
Summonings     | |  0.7

Action                   |  1- 3 |  4- 6 |  7- 9 | 10-12 || total
-------------------------+-------+-------+-------+-------++-------
Melee: Unarmed           |    44 |     1 |       |       ||    45
       Dagger            |       |    51 |       |       ||    51
       Flail             |       |    12 |   113 |       ||   125
       Halberd           |       |       |    13 |       ||    13
       Mace              |       |       |    28 |    47 ||    75
       Staff             |       |       |       |    28 ||    28
 Cast: Freeze            |    31 |     8 |     6 |     1 ||    46
       Frozen Ramparts   |       |    30 |    65 |    16 ||   111
       Summon Ice Beast  |       |       |     2 |     9 ||    11
       Hailstorm         |       |       |       |     1 ||     1
 Abil: Evoke Berserk Rag |       |       |       |     2 ||     2
Evoke: Wand              |       |       |     4 |       ||     4
  Use: Scroll            |       |       |     9 |     9 ||    18
       Potion            |       |       |     4 |       ||     4
 Stab: Sleeping          |     2 |     1 |     2 |       ||     5
       Paralysed         |       |       |     9 |       ||     9
       Distracted        |       |       |     1 |       ||     1
Armor: Robe              |    21 |    37 |    93 |    39 ||   190
Dodge: Dodged            |    42 |    59 |   174 |    67 ||   342
Block: Buckler           |       |       |    10 |    16 ||    26

Table legend: (Time is in decaauts)
 A = Elapsed time spent in this place.
 B = Non-inter-level travel time spent in this place.
 C = Inter-level travel time spent in this place.
 D = Time resting spent in this place.
 E = Time spent auto-exploring this place.
 F = Levels seen in this place.
 G = Mean time per level.
                   A        B        C        D        E       F      G
               +--------+--------+--------+--------+--------+-----+--------+
         Total |  11201 |  10700 |    501 |    688 |   7772 |  11 | 1018.3 |
       Dungeon |  10626 |  10125 |    501 |    685 |   7430 |  10 | 1062.6 |
        Bailey |    574 |    574 |      0 |      3 |    342 |   1 |  574.0 |
               +--------+--------+--------+--------+--------+-----+--------+

Top non-repeatable levels by time:
     D:1: 1531 daAuts
     D:5: 1436 daAuts
     D:4: 1217 daAuts
     D:2: 1182 daAuts
     D:7: 1163 daAuts
     D:3: 1086 daAuts
     D:6: 1044 daAuts
     D:8: 1023 daAuts
     D:9: 847 daAuts
  Bailey: 574 daAuts
    D:10: 93 daAuts
